 Dungeon Crawl Stone Soup version 0.19-a0-1803-g97ff39f (webtiles) character file.

15414 Proteus the Unseen (level 12, -24/62 HPs)
             Began as a Spriggan Assassin on Oct 5, 2016.
             Was a High Priest of Okawaru.
             Annihilated by Tekks's ghost (27 damage)
             ... on level 2 of the Lair of Beasts.
             The game lasted 00:53:28 (20215 turns).

Proteus the Unseen (Spriggan Assassin)             Turns: 20215, Time: 00:53:29

Health: -24/62     AC:  7    Str: 13    XL:     12   Next: 1%
Magic:  8/13       EV: 30    Int: 13    God:    Okawaru [*****.]
Gold:   639        SH:  2    Dex: 22    Spells: 0 memorised, 11 levels left

rFire  + + .     SeeInvis +     a - +4 rapier (venom)
rCold  + . .     Gourm    .     c - +2 robe
rNeg   . . .     Faith    .     (shield restricted)
rPois  +         Spirit   .     (helmet restricted)
rElec  +         Dismiss  .     O - +2 cloak {rPois}
rCorr  +         Reflect  +     (gloves unavailable)
MR     ++...     Harm     .     (boots unavailable)
Stlth  +++++++...               u - +2 amulet of reflection
                                k - +6 ring of strength
                                E - ring of protection from fire

@: resistant, finesse, very slightly contaminated, hasted, very quick
A: unfitting armour, see invisible, herbivore 3, speed 3, slow metabolism 2
a: Heroism, Finesse, Renounce Religion


You were on level 2 of the Lair of Beasts.
You worshipped Okawaru.
Okawaru was extremely pleased with you.
You were not hungry.

You visited 3 branches of the dungeon, and saw 13 of its levels.
You also visited: Ossuary.

You collected 639 gold pieces.

Inventory:

Hand Weapons
 a - a +4 rapier of venom (weapon)
 b - a +4 blowgun
 h - a +2 short sword of flaming
Missiles
 d - 2 needles of frenzy
 e - 12 poisoned needles
 C - 4 exploding tomahawks (quivered)
 R - 8 tomahawks of returning
 U - 4 needles of sleeping
Armour
 c - a +2 robe (worn)
 O - a +2 cloak of poison resistance (worn)
Jewellery
 k - a +6 ring of strength (right hand)
 t - an uncursed ring of magical power
 u - a +2 amulet of reflection (around neck)
 y - an uncursed ring of flight
 E - a ring of protection from fire (left hand)
 N - an uncursed ring of wizardry
Wands
 m - a wand of hasting (2/9)
 v - a wand of polymorph (10/24)
 A - a wand of slowing (26/48)
 I - a wand of slowing (19/48)
 M - a wand of flame (18/48)
 Q - a wand of iceblast (9/15)
 T - a wand of heal wounds (4/9)
Scrolls
 j - a scroll of enchant armour
 l - a scroll of blinking
 n - 6 scrolls of remove curse
 q - 3 scrolls of teleportation
 x - 2 scrolls of fear
 D - a scroll of immolation
 F - 2 scrolls of amnesia
 H - 3 scrolls of magic mapping
 S - a scroll of fog
Potions
 f - a potion of flight
 o - 3 potions of cure mutation
 p - 5 potions of curing
 r - a potion of magic
 s - 2 potions of lignification
 w - a potion of haste {unknown}
 z - 2 potions of mutation {unknown}
 B - 2 potions of invisibility {unknown}
 J - a potion of agility {unknown}
 K - a potion of heal wounds
 L - a potion of brilliance {unknown}
 P - a potion of ambrosia {unknown}
 V - 2 potions of beneficial mutation {unknown}
Books
 G - a book of Debilitation

   Spells                             Type                      Level
   a - Corona                         Hexes                        1
   b - Slow                           Hexes                        2
   c - Gell's Gravitas                Hexes/Translocation          3
   d - Inner Flame                    Hexes/Fire                   3
   e - Cause Fear                     Hexes                        4
   f - Leda's Liquefaction            Hexes/Earth                  4
Comestibles
 g - 11 bread rations


   Skills:
 + Level 6.6 Fighting
 + Level 8.2 Short Blades
 + Level 7.8 Throwing
 + Level 11.2 Dodging
 * Level 18.6 Stealth


You had 11 spell levels left.
You didn't know any spells.

Dungeon Overview and Level Annotations

Branches:
Dungeon (10/15)            Temple (1/1) D:6            Lair (2/6) D:10
    Orc (0/2) D:9
  Swamp: Lair:2-4    Shoals: Lair:2-4     Snake: Lair:2-4    Spider: Lair:2-4

Altars:
Ashenzari
Cheibriados
Dithmenos
Elyvilon
Fedhas
Gozag
Hepliaklqana
Kikubaaqudgha
Makhleb
Nemelex Xobeh
Okawaru
Qazlal
Ru
Sif Muna
Trog
Vehumet
Xom
Yredelemnul
The Shining One

Annotations:
D:3 Arkorax's ghost, amateur GrFi
D:5 Tekks's ghost, novice TrMo
Lair:2 Tekks's ghost, journeyman TrMo


Innate Abilities, Weirdness & Mutations

You are very small and have problems with some larger weapons.
You are too small for most types of armour.
You have supernaturally acute eyesight. (SInv)
You are a herbivore.
You cover ground extremely quickly.
You need consume almost no food.


Message History

Tekks's ghost hits you but does no damage.
You hit Tekks's ghost but do no damage.
Tekks's ghost is lightly damaged.
You hit Tekks's ghost but do no damage.
Tekks's ghost is lightly damaged.
Tekks's ghost hits you!!
You puncture Tekks's ghost!
Tekks's ghost is lightly damaged.
You hit Tekks's ghost.
Tekks's ghost is lightly damaged.
You closely miss Tekks's ghost.
Tekks's ghost is lightly damaged.
Tekks's ghost hits you!!
* * * LOW HITPOINT WARNING * * *
You hit Tekks's ghost but do no damage.
Tekks's ghost is lightly damaged.
You hit Tekks's ghost.
Tekks's ghost is moderately damaged.
Tekks's ghost hits you!!
You die...

##...#...../#.......
##.#...............
####..##..........
#....###......... ######..##
#......... #.......#
#......... ##......##
##........ ##P..##.#
#........ ##@.#.## #........
#.W#### #........ ....
####.(# ##<......# #...#
#....#.# #........#
....###.......###########...#
....#...........#.## #...#
#...##.............# ##...
###.....#............# #....
#.##.................# #....


You could see Tekks's ghost.

Vanquished Creatures
  2 hydras
  Urug (D:10)
  An unseen horror (D:8)
  A black mamba (Lair:2)
  2 hill giants (D:10)
  2 blink frogs
  3 spiny frogs
  2 rime drakes
  2 komodo dragons
  A hippogriff (Lair:2)
  A spriggan (D:7)
  10 yaks
  A basilisk (Lair:1)
  3 wargs
  Duvessa (D:6)
  A water moccasin (D:10)
  4 orc warriors
  6 porcupines
  2 ice beasts
  2 black bears
  4 ogres
  6 centaurs
  2 crocodiles
  A big kobold (D:9)
  8 bullfrogs
  2 wyvern zombies (D:8)
  2 scorpions
  2 wyvern skeletons
  Dowan (D:6)
  5 killer bees (D:8)
  2 howler monkeys
  A jelly (D:8)
  6 crimson imps
  2 quasits (D:8)
  A centaur zombie (D:9)
  3 hounds
  A centaur skeleton (D:8)
  2 gnoll shamans (D:5)
  4 orc priests
  A bullfrog skeleton (D:4)
  Jessica (D:2)
  Terence (D:2)
  3 iguanas
  Natasha (twice) (D:3)
  7 orc wizards
  9 worker ants
  2 killer bee zombies
  A hound zombie (D:8)
  A hound skeleton (D:6)
  13 mummies (Ossuary)
  3 worker ant zombies
  13 gnolls
  10 adders
  A howler monkey skeleton (D:6)
  4 shadow imps
  An ooze (D:2)
  An adder zombie (D:9)
  A dart slug (D:1)
  8 leopard geckos
  49 orcs
  9 bats
  2 giant cockroaches
  3 goblins
  7 hobgoblins
  7 jackals
  2 quokkas
  3 ball pythons
  4 frilled lizards
  2 gnoll skeletons (Ossuary)
  A goblin skeleton (Ossuary)
  13 kobolds
  3 kobold skeletons (Ossuary)
  A leopard gecko skeleton (D:7)
  2 orc skeletons (Ossuary)
  6 rats
  11 rat skeletons (Ossuary)
311 creatures vanquished.

Vanquished Creatures (collateral kills)
  A black mamba (Lair:2)
  4 blink frogs
  17 yaks
  A wolf (Lair:1)
23 creatures vanquished.

Vanquished Creatures (others)
  2 yaks (Lair:2)
  2 wolves (Lair:1)
  An orc priest (D:10)
  2 fungi
  2 plants (Lair:2)
9 creatures vanquished.

Grand Total: 343 creatures vanquished

Notes
Turn   | Place    | Note
-------+----------+-------------------------------------------
     0 | D:1      | Proteus the Spriggan Assassin began the quest for the Orb.
     0 | D:1      | Reached XP level 1. HP: 10/10 MP: 2/2
    25 | D:1      | Reached skill level 6 in Stealth
   175 | D:1      | Reached XP level 2. HP: 7/14 MP: 3/3
   449 | D:1      | Reached skill level 7 in Stealth
  1018 | D:2      | Found a faded altar of an unknown god.
  1078 | D:2      | Noticed Jessica
  1527 | D:2      | Reached XP level 3. HP: 18/18 MP: 4/4
  1532 | D:2      | Killed Jessica
  1532 | D:2      | Reached skill level 8 in Stealth
  2076 | D:2      | Noticed Terence
  2097 | D:2      | Killed Terence
  2097 | D:2      | Reached XP level 4. HP: 22/22 MP: 5/5
  2482 | D:3      | Reached skill level 9 in Stealth
  3065 | D:3      | Reached XP level 5. HP: 24/25 MP: 6/6
  3179 | D:3      | Noticed Natasha
  3181 | D:3      | Killed Natasha
  3181 | D:3      | Reached skill level 10 in Stealth
  3495 | D:3      | Noticed Arkorax's ghost (amateur GrFi)
  3582 | D:3      | Noticed Natasha
  3591 | D:3      | Killed Natasha
  3932 | D:4      | Reached skill level 11 in Stealth
  3932 | D:4      | Reached XP level 6. HP: 13/30 MP: 7/7
  4951 | D:5      | Entered Level 5 of the Dungeon
  4972 | D:5      | Noticed an ice beast
  4979 | D:5      | Killed an ice beast
  5414 | D:5      | Noticed Tekks's ghost (novice TrMo)
  5495 | D:5      | Reached XP level 7. HP: 35/35 MP: 8/8
  5511 | D:5      | Reached skill level 12 in Stealth
  6855 | D:6      | Noticed Dowan
  6856 | D:6      | Found a sand-covered staircase.
  6858 | D:6      | Noticed Duvessa
  6901 | D:6      | Killed Dowan
  6938 | Ossuary  | Entered an ossuary
  7354 | Ossuary  | Reached XP level 8. HP: 39/39 MP: 9/9
  7601 | Ossuary  | Reached skill level 13 in Stealth
  7888 | D:6      | Killed Duvessa
  8166 | D:6      | Found a staircase to the Ecumenical Temple.
  8182 | Temple   | Entered the Ecumenical Temple
  8264 | Temple   | Became a worshipper of Warmaster Okawaru
  8999 | D:7      | Reached skill level 5 in Dodging
  8999 | D:7      | Reached skill level 14 in Stealth
 10195 | D:7      | Reached * piety under Okawaru
 10357 | D:8      | Reached XP level 9. HP: 44/44 MP: 10/10
 10807 | D:8      | Noticed an unseen horror
 10878 | D:8      | Killed an unseen horror
 10878 | D:8      | Reached ** piety under Okawaru
 10878 | D:8      | Reached skill level 5 in Short Blades
 11176 | D:8      | Identified a scroll of acquirement
 11213 | D:8      | Reached skill level 15 in Stealth
 11319 | D:8      | Reached skill level 5 in Throwing
 11851 | D:8      | Found a sacrificial altar of Ru.
 11905 | D:8      | Reached *** piety under Okawaru
 12628 | D:9      | Found a staircase to the Orcish Mines.
 13002 | D:9      | Noticed an eight-headed hydra
 13090 | D:9      | Killed an eight-headed hydra
 13090 | D:9      | Reached **** piety under Okawaru
 13090 | D:9      | Reached XP level 10. HP: 30/51 MP: 11/11
 13354 | D:9      | Reached skill level 5 in Fighting
 13564 | D:9      | Found a basalt altar of Yredelemnul.
 13741 | D:9      | Received a gift from Okawaru
 13756 | D:9      | Reached skill level 16 in Stealth
 13816 | D:9      | Found a hazy altar of Hepliaklqana.
 13817 | D:9      | Found a deep blue altar of Sif Muna.
 13818 | D:9      | Found a sparkling altar of Nemelex Xobeh.
 13819 | D:9      | Found a blossoming altar of Fedhas.
 14381 | D:9      | Found a burning altar of Makhleb.
 14381 | D:9      | Found a shimmering altar of Xom.
 14418 | D:10     | Entered Level 10 of the Dungeon
 14540 | D:10     | Got an encrusted war axe
 14556 | D:10     | Noticed Urug
 14638 | D:10     | Noticed a hill giant
 14646 | D:10     | Killed Urug
 15748 | D:10     | Received a gift from Okawaru
 15806 | D:10     | Found a deep blue altar of Sif Muna.
 15951 | D:10     | Reached ***** piety under Okawaru
 16246 | D:10     | Reached skill level 17 in Stealth
 16343 | D:10     | Reached XP level 11. HP: 44/56 MP: 12/12
 16512 | D:10     | Killed a hill giant
 16670 | D:10     | Noticed a hill giant
 16725 | D:10     | Killed a hill giant
 16790 | D:10     | Found a staircase to the Lair.
 17052 | Lair:1   | Entered Level 1 of the Lair of Beasts
 17180 | Lair:1   | Reached skill level 10 in Dodging
 17185 | Lair:1   | Received a gift from Okawaru
 17293 | Lair:1   | Identified the +6 war axe "Pendulum" {elec, Fragile +Fly Int+3} (You found it on level 10 of the Dungeon)
 17714 | Lair:1   | Received a gift from Okawaru
 18336 | Lair:2   | Noticed an eight-headed hydra
 18406 | Lair:2   | Reached skill level 18 in Stealth
 18625 | Lair:2   | Noticed Tekks's ghost (journeyman TrMo)
 18712 | Lair:2   | Killed an eight-headed hydra
 19408 | Lair:2   | Killed a black mamba
 20021 | Lair:2   | Received a gift from Okawaru
 20057 | Lair:2   | Reached XP level 12. HP: 62/62 MP: 13/13
 20213 | Lair:2   | HP: 3/62 [Tekks's ghost (22)]
 20215 | Lair:2   | Annihilated by Tekks's ghost

Vault maps used:
D:1:      lightli_arrival_noodles, hangedman_glass_teeth
D:2:      ecumenical_altar_1, uniq_terence, uniq_jessica
D:3:      uniq_natasha
D:4:      kennysheep_generic_room_5
D:5:      first_bread
D:6:      enter_ossuary_3, uniq_duvessa
D:7:      the_bakery
D:8:      nicolae_ru_great_annihilating_truth
D:9:      grunt_temple_overflow_champion_of_chaos, minitemple,
          nicolae_overflow_hidden_temple, orc_0_dummy
D:10:     erik_lair_orcish_takeover, basic_altar, uniq_urug
Temple:   minmay_temple_curvy_loop
Lair:2:   minmay_lair_oklob_items
Ossuary:  ossuary_due_small_catacomb

Skill      XL: |  1  2  3  4  5  6  7  8  9 10 11 |
---------------+----------------------------------+-----
Stealth        | 6 7 8 9 11 12 14 15 17 18 | 18.6
Dodging        | 2 3 5 8 9 11 | 11.2
Fighting       | 2 3 4 5 6 |  6.6
Throwing       | 3 4 5 6 7 |  7.8
Short Blades   | 3 4 5 6 8 |  8.2

Action                   |  1- 3 |  4- 6 |  7- 9 | 10-12 || total
-------------------------+-------+-------+-------+-------++-------
Melee: Dagger            |    98 |   102 |       |       ||   200
       Short sword       |       |    85 |   336 |       ||   421
       Rapier            |       |       |    98 |   381 ||   479
 Fire: Blowgun           |    10 |    58 |    46 |   108 ||   222
Throw: Throwing net      |       |       |     5 |       ||     5
       Tomahawk          |       |       |       |     4 ||     4
Invok: Finesse           |       |       |       |     1 ||     1
Evoke: Wand              |       |       |       |     1 ||     1
  Use: Scroll            |       |    17 |    15 |     2 ||    34
       Potion            |       |     1 |     5 |     2 ||     8
 Stab: Sleeping          |     8 |     9 |    44 |    16 ||    77
       Distracted        |       |     2 |     3 |     4 ||     9
       Held in net/web   |       |       |     2 |       ||     2
       Paralysed         |       |       |     1 |       ||     1
  Eat: Pizza             |       |     1 |       |     1 ||     2
       Fruit             |       |     2 |       |     5 ||     7
       Bread ration      |       |       |     1 |       ||     1
       Royal jelly       |       |       |       |     1 ||     1
Armor: Robe              |    13 |    32 |    56 |    26 ||   127
Dodge: Dodged            |    74 |   152 |   358 |   357 ||   941
Block: Other             |       |       |    15 |    26 ||    41
       Reflection        |       |       |       |     1 ||     1
